 Dungeon Crawl Stone Soup version 0.21-a0-128-gf2b353c (webtiles) character file.

1561 tilp the Arsonist (level 8, -9/57 HPs)
             Began as a Hill Orc Fire Elementalist on July 16, 2017.
             Was an Initiate of Vehumet.
             Mangled by an orc warrior
             ... wielding a +0 long sword
              (20 damage)
             ... on level 7 of the Dungeon.
             The game lasted 00:34:29 (10239 turns).

tilp the Arsonist (Hill Orc Fire Elementalist)     Turns: 10239, Time: 00:34:30

Health: -9/57      AC:  3    Str: 11    XL:     8   Next: 89%
Magic:  1/11       EV: 12    Int: 17    God:    Vehumet [......]
Gold:   333        SH:  0    Dex: 11    Spells: 1/12 levels left

rFire    . . .     SeeInvis .   e - +0 dagger (curse)
rCold    . . .     Gourm    .   (no shield)
rNeg     . . .     Faith    .   i - +0 robe (curse)
rPois    .         Spirit   .   a - +0 helmet
rElec    .         Reflect  .   (no cloak)
rCorr    .         Harm     .   (no gloves)
MR       .....                  (no boots)
Stlth    ++........             (no amulet)
HPRegen  0.19/turn              (no ring)
MPRegen  0.12/turn              (no ring)

@: no status effects
A: no striking features
a: Renounce Religion


You were on level 7 of the Dungeon.
You worshipped Vehumet.
Vehumet was noncommittal.
You were not hungry.

You visited 2 branches of the dungeon, and saw 9 of its levels.

You collected 333 gold pieces.

Inventory:

Hand Weapons
 e - a cursed +0 dagger (weapon)
 j - a cursed -3 dagger
 m - a +1 rapier of protection
 u - a cursed -1 dagger
 y - a +0 war axe
 G - a +1 flail of protection
Missiles
 k - 5 javelins of returning (quivered)
 n - a throwing net
 I - 2 tomahawks
Armour
 a - a +0 helmet (worn)
 i - a cursed +0 robe (worn)
 l - a +0 leather armour
 v - a +2 scale mail of cold resistance
 J - a +0 shield
Magical Staves
 K - an uncursed staff of wizardry {unknown}
Jewellery
 t - an uncursed ring of protection from fire {unknown}
 O - an uncursed ring of fire {unknown}
 P - an uncursed ring of ice {unknown}
Wands
 c - a wand of paralysis (18/24)
 x - a wand of polymorph (0/24)
 A - a wand of random effects (24/48)
 C - a wand of paralysis (14/24)
Scrolls
 f - 3 scrolls of amnesia
 h - a scroll of magic mapping
 z - a scroll of recharging
 D - 2 scrolls of enchant weapon
Potions
 g - a potion of heal wounds
 o - a potion of resistance
 p - a potion of berserk rage {unknown}
 q - a potion of cancellation {unknown}
 r - a potion of agility {unknown}
 s - a potion of invisibility {unknown}
 B - a potion of curing
 E - a potion of brilliance {unknown}
 H - a potion of degeneration {unknown}
 M - a potion of lignification {unknown}
Books
 b - a book of Flames

   Spells                             Type                      Level
   a - Flame Tongue                   Conjuration/Fire             1
   b - Throw Flame                    Conjuration/Fire             2
   c - Conjure Flame                  Conjuration/Fire             3
   d - Inner Flame                    Hexes/Fire                   3
   e - Sticky Flame                   Conjuration/Fire             4
   f - Fireball                       Conjuration/Fire             5
 d - a book of Callings

   Spells                             Type                      Level
   a - Summon Small Mammal            Summoning                    1
   b - Call Imp                       Summoning                    2
   c - Call Canine Familiar           Summoning                    3
   d - Summon Guardian Golem          Hexes/Summoning              3
   e - Summon Lightning Spire         Summoning/Air                4
   f - Summon Ice Beast               Ice/Summoning                4
Comestibles
 w - 6 fruits
 F - 2 royal jellies
 L - a meat ration


   Skills:
 - Level 1.5 Dodging
 - Level 1.5 Stealth
 - Level 2.6 Spellcasting
 - Level 7.3 Conjurations
 + Level 8.8 Fire Magic


You had one spell level left.
You knew the following spells:

 Your Spells              Type           Power        Failure   Level  Hunger
a - Flame Tongue          Conj/Fire      ####.        1%          1    #......
b - Throw Flame           Conj/Fire      ####..       1%          2    ##.....
c - Conjure Flame         Conj/Fire      ####....     1%          3    ###....
d - Summon Small Mammal   Summ           #...         19%         1    #......
e - Sticky Flame          Conj/Fire      ####....     6%          4    #####..


Dungeon Overview and Level Annotations

Branches:
Dungeon (8/15)             Temple (1/1) D:6
   Lair: D:8-11

Altars:
Ashenzari
Cheibriados
Dithmenos
Elyvilon
Fedhas
Gozag
Hepliaklqana
Kikubaaqudgha
Makhleb
Nemelex Xobeh
Okawaru
Qazlal
Ru
Sif Muna
Trog
Uskayaw
Vehumet
Wu Jian
Xom
Yredelemnul
Zin
The Shining One


Message History

Aim: an orc warrior, wielding a long sword and wearing a chain mail (almost dead)
The bolt of negative energy misses the orc warrior.
The bolt of negative energy hits the orc priest.
The orc priest is drained!
The orc priest is almost dead.
The orc priest threatens, "By the altar or by the axe, you will meet Beogh!"
Evoking this partially-identified wand wasted a few charges.
Aiming: Random Effects (will waste charges)
Press: ? - help, Shift-Dir - straight line, f/p - orc warrior
Aim: an orc warrior, wielding a long sword and wearing a chain mail (almost dead)
The bolt of poison misses the orc warrior.
The bolt of poison hits the orc priest.
The orc priest is poisoned.
You kill the orc priest!
Vehumet accepts your kill.
The bolt of poison hits the scorpion.
The scorpion is poisoned.
You kill the scorpion!
Vehumet accepts your kill.
Evoking this partially-identified wand wasted a few charges.
The orc warrior hits you with a long sword!!
You die...

.......# .>....#
.....# ....#
#...# #...# #...#
########...#
#..@o).)<..#
##########.######
##.....####
#.........
#.........
#.........
#.........
#.........
#.........


You could see an orc warrior.

Vanquished Creatures
  A phantom (D:4)
  2 ogres (D:4)
  7 bullfrogs
  A scorpion (D:7)
  A howler monkey (D:3)
  A centaur zombie (D:7)
  3 hounds
  An orc priest (D:7)
  A centaur skeleton (D:4)
  A gnoll shaman (D:4)
  2 orc wizards
  4 iguanas
  3 worker ants
  A killer bee zombie (D:7)
  A hound zombie (D:5)
  10 gnolls
  6 adders
  A shadow imp (D:7)
  An ufetubus (D:5)
  An ooze (D:3)
  4 worms
  2 adder skeletons
  2 dart slugs
  7 leopard geckos
  13 orcs
  6 giant cockroaches
  5 goblins
  4 hobgoblins
  8 jackals
  A quokka (D:5)
  2 ball pythons
  5 bats
  3 frilled lizards
  A giant cockroach zombie (D:5)
  3 jackal skeletons
  2 kobolds
  5 rats
122 creatures vanquished.

Vanquished Creatures (collateral kills)
  A bullfrog skeleton (D:5)
  An adder skeleton (D:7)
2 creatures vanquished.

Grand Total: 124 creatures vanquished

Notes
Turn   | Place    | Note
-------+----------+-------------------------------------------
     0 | D:1      | tilp the Hill Orc Fire Elementalist began the quest for the Orb.
     0 | D:1      | Reached XP level 1. HP: 14/14 MP: 3/3
   229 | D:1      | Reached XP level 2. HP: 20/20 MP: 1/5
   276 | D:1      | Learned a level 2 spell: Throw Flame
   944 | D:2      | Reached XP level 3. HP: 19/26 MP: 6/6
  1027 | D:2      | Learned a level 3 spell: Conjure Flame
  1328 | D:2      | Found a faded altar of an unknown god.
  1576 | D:2      | Reached XP level 4. HP: 33/33 MP: 0/7
  2384 | D:3      | Reached XP level 5. HP: 38/38 MP: 4/8
  2648 | D:3      | Reached skill level 4 in Fire Magic
  2956 | D:3      | You fall through a shaft for 3 floors!
  2984 | D:5      | Entered Level 5 of the Dungeon
  3158 | D:5      | Reached XP level 6. HP: 9/45 MP: 5/9
  3484 | D:4      | Reached skill level 5 in Fire Magic
  3677 | D:4      | Learned a level 1 spell: Summon Small Mammal
  4313 | D:4      | Reached skill level 6 in Fire Magic
  4601 | D:4      | Reached XP level 7. HP: 50/50 MP: 3/10
  4759 | D:4      | Reached skill level 7 in Fire Magic
  4793 | D:4      | HP: 1/50 [gnoll/flail (11)]
  5541 | D:4      | Learned a level 4 spell: Sticky Flame
  6146 | D:4      | Reached skill level 5 in Conjurations
  6808 | D:5      | Reached XP level 8. HP: 57/57 MP: 0/11
  7399 | D:6      | Found a staircase to the Ecumenical Temple.
  7408 | Temple   | Entered the Ecumenical Temple
  7572 | Temple   | Became a worshipper of Vehumet
  8215 | D:6      | Reached skill level 8 in Fire Magic
  8412 | D:7      | Found a basalt altar of Yredelemnul.
 10239 | D:7      | Mangled by an orc warrior

Vault maps used:
D:1:      lightli_arrival_statue_moat
D:2:      chequers_ecumenical_altar_simple_redux, minmay_pentomino_v2
D:3:      first_bread, minivault_11
D:4:      fountainhead
D:5:      kennysheep_generic_room_16
D:6:      minmay_temple_entry_glassed_door
D:7:      yredelemnul_altar_generic, serial_shops,
          nicolae_shop_competitors_out_of_business
D:8:      uniq_maurice
Temple:   roderic_octagonal_lattice_temple

Skill      XL: |  1  2  3  4  5  6  7  8 |
---------------+-------------------------+-----
Spellcasting   | 2 |  2.6
Conjurations   | 2 3 5 7 |  7.3
Fire Magic     | 4 6 7 8 |  8.8
Dodging        | |  1.5
Stealth        | |  1.5

Action                   |  1- 3 |  4- 6 |  7- 9 || total
-------------------------+-------+-------+-------++-------
Melee: Dagger            |    49 |    84 |   131 ||   264
Throw: Javelin           |     2 |       |       ||     2
 Cast: Flame Tongue      |    29 |    59 |   162 ||   250
       Throw Flame       |     4 |     8 |    29 ||    41
       Conjure Flame     |     2 |       |     3 ||     5
       Summon Small Mamm |       |     6 |    32 ||    38
       Sticky Flame      |       |       |     3 ||     3
Evoke: Wand              |       |     3 |     2 ||     5
  Use: Potion            |       |     3 |     5 ||     8
       Scroll            |       |     3 |     7 ||    10
 Stab: Distracted        |       |     1 |       ||     1
  Eat: Chunk             |     2 |     2 |     8 ||    12
       Meat ration       |     1 |       |     1 ||     2
       Bread ration      |       |     1 |     2 ||     3
       Royal jelly       |       |     1 |       ||     1
Armor: Robe              |    11 |    28 |    55 ||    94
Dodge: Dodged            |    41 |    93 |   188 ||   322
